 Seeded DCSS version 0.29.1-15-g9cfb28693d (webtiles) character file.

Game seed: 9529714651559989746 (custom seed)

289 Psyclone the Magician (level 6, 0/32 HPs)
             Began as a Deep Elf Fire Elementalist on Sept 21, 2023.
             Slain by Duvessa
             ... wielding a +0 short sword
              (9 damage)
             ... on level 4 of the Dungeon.
             The game lasted 00:14:05 (3681 turns).

Psyclone the Magician (Deep Elf Fire Elementalist)  Turns: 3681, Time: 00:14:06

Health: 0/32       AC:  2    Str:  5    XL:     6   Next: 9%
Magic:  4/16       EV: 16    Int: 24    God:
Gold:   211        SH:  5    Dex: 15    Spells: 3/16 levels left

rFire   + . .      SeeInvis +   a - +6 short sword "Ivotuko" {vorpal, *Noise rF+ Int+2 SInv}
rCold   . . .      Faith    .   (no shield)
rNeg    . . .      Spirit   .   x - +0 robe
rPois   +          Reflect  +   (no helmet)
rElec   .          Harm     .   (no cloak)
rCorr   .          Rampage  .   (no gloves)
Will    .....                   (no boots)
Stlth   ++........              v - amulet of reflection
HPRegen 0.10/turn               e - ring of poison resistance
MPRegen 0.15/turn               o - +4 ring of evasion

@: no status effects
A: no striking features
a: no special abilities


You were on level 4 of the Dungeon.
You visited 2 branches of the dungeon, and saw 5 of its levels.

You collected 211 gold pieces.

Inventory:

Hand Weapons
 a - the +6 short sword "Ivotuko" (weapon) {vorpal, *Noise rF+ Int+2 SInv}
   (You found it on level 3 of the Dungeon)

   It inflicts extra damage upon your enemies.
   Int:       It affects your intelligence (+2).
   rF:        It protects you from fire.
   SInv:      It lets you see invisible.
   *Noise:    It may make noises in combat.
Armour
 x - a +0 robe (worn)
Jewellery
 e - a ring of poison resistance (left hand)
 o - a +4 ring of evasion (right hand)
 v - an amulet of reflection (around neck)
Scrolls
 c - 2 scrolls of identify {unknown}
 g - a scroll of noise {unknown}
 h - 2 scrolls of poison {unknown}
 i - 4 scrolls of acquirement {unknown}
 j - a scroll of fear {unknown}
 m - 2 scrolls of immolation {unknown}
 r - 3 scrolls of magic mapping {unknown}
 t - a scroll of blinking {unknown}
 u - a scroll of teleportation {unknown}
 y - a scroll of vulnerability {unknown}
Potions
 b - a potion of magic
 d - 2 potions of degeneration {unknown}
 f - a potion of invisibility {unknown}
 k - 2 potions of curing {unknown}
 l - a potion of might {unknown}
 n - a potion of lignification {unknown}
 p - 3 potions of flight {unknown}
 q - a potion of attraction {unknown}
 s - a potion of ambrosia {unknown}
 w - 2 potions of brilliance {unknown}


   Skills:
 - Level 2.4 Dodging
 - Level 2.4 Stealth
 - Level 5.5 Spellcasting
 - Level 1.1 Conjurations
 - Level 5.1 Fire Magic
 * Level 3.5 Poison Magic


You had 3 spell levels left.
You knew the following spells:

 Your Spells              Type           Power      Damage    Failure   Level
a - Foxfire               Conj/Fire      84%        2x1d8     2%          1
b - Magic Dart            Conj           48%        1d5       5%          1
c - Conjure Flame         Conj/Fire      21%        6-21      7%          3
d - Searing Ray           Conj           24%        2d5       8%          2
v - Poisonous Vapours     Pois/Air       30%        N/A       6%          2
x - Olgreb's Toxic Radia  Pois           23%        N/A       21%         4

Your spell library contained the following spells:

 Spells                   Type           Power      Damage    Failure   Level
 Scorch                   Fire           62%        2d8       1%          2
 Sting                    Tmut/Pois      60%        1d6       4%          1
 Shock                    Conj/Air       36%        1d5       7%          1
 Inner Flame              Hex/Fire       19%        N/A       9%          3
 Swiftness                Air            6%         N/A       26%         3
 Flame Wave               Conj/Fire      21%        2d8       22%         4
 Fulminant Prism          Conj/Hex       4%         3d6       54%         4
 Airstrike                Air            3%         2d(1-17)  63%         4


Dungeon Overview and Level Annotations

Branches:
Dungeon (4/15) Zot: 20424  Temple (1/1) D:4 Zot: 5877

Altars:
Ashenzari
Cheibriados
Gozag
Makhleb
Nemelex Xobeh
Okawaru
Ru
Sif Muna
Trog
Vehumet
Wu Jian
Xom
Yredelemnul
The Shining One

Shops:
D:1 *

Annotations:
D:1 exclusion: downstairs
D:2 Sigmund
D:3 3 runed translucent doors, Loveship's ghost, weakling MiFi
D:4 Dowan; Duvessa


Message History

Press: ? - help, Dir - move target, f - Duvessa
Aim: Duvessa, wielding a +0 short sword and wearing a +0 leather armour (fast) Poisonous vapours surround Duvessa!
Duvessa is poisoned.
You block Duvessa's attack.
You now have 9/16 mp.
Casting: Poisonous Vapours (safe; 6% risk of failure)
Confirm with . or Enter, or press ? or * to list all spells.
Aiming: Poisonous Vapours (safe; 6% risk of failure)
Press: ? - help, Dir - move target, f/p - Duvessa
Aim: Duvessa, wielding a +0 short sword and wearing a +0 leather armour (lightly wounded, fast, poisoned) Poisonous vapours surround Duvessa!
Duvessa looks even sicker.
Duvessa barely misses you.
You now have 7/16 mp.
Casting: Poisonous Vapours (safe; 6% risk of failure)
Confirm with . or Enter, or press ? or * to list all spells.
Aiming: Poisonous Vapours (safe; 6% risk of failure)
Press: ? - help, Dir - move target, f/p - Duvessa
Aim: Duvessa, wielding a +0 short sword and wearing a +0 leather armour (lightly wounded, fast, very poisoned) Poisonous vapours surround Duvessa!
Duvessa looks even sicker.
Duvessa barely misses you.
Dowan points at you and mumbles some strange words.
You resist with some effort.
You now have 5/16 mp.
Casting: Poisonous Vapours (safe; 6% risk of failure)
Confirm with . or Enter, or press ? or * to list all spells.
Aiming: Poisonous Vapours (safe; 6% risk of failure)
Press: ? - help, Dir - move target, f/p - Duvessa
Aim: Duvessa, wielding a +0 short sword and wearing a +0 leather armour (fast, very poisoned) Poisonous vapours surround Duvessa!
Duvessa looks as sick as possible!
Duvessa hits you with a +0 short sword. Duvessa hits you with a +0 short sword!
You block Dowan's attack.
Your magical contamination has completely faded away.
You take 9 damage, and have 18/32 hp.
MASSIVE DAMAGE!!
You now have 4/16 mp.
Duvessa attacks as you move away! You block Duvessa's attack.
Dowan attacks as you move away! Dowan hits you with a +0 dagger.
You take 1 damage, and have 17/32 hp.
Duvessa attacks as you move away! Duvessa hits you with a +0 short sword!
* * * LOW HITPOINT WARNING * * *
Duvessa hits you with a +0 short sword!
You die...

#........#...## #.#.#
###+#..#.#.#..#####...#
#.^...###.....รท....##
##..#...#...#..###.##
##....#.....#.......#
#..#####.>.#####..###
##....#.e...#.....#
##..#...#e..#....#
##....###@...#.##
##..#.#.#..#..#
#....#...##.##
#...e#...##'#
##...........
##..........#
##.........#
#.........# .........#


You could see Duvessa (fast, extremely poisoned) and Dowan.

Vanquished Creatures
  A jelly (D:4)
  An orc priest (D:4)
  Natasha (thrice) (D:2)
  7 adders
  An ufetubus (D:4)
  2 worms
  2 dart slugs (D:1)
  2 orcs (D:4)
  7 bats
  5 endoplasms
  2 giant cockroaches
  4 goblins
  6 hobgoblins
  4 jackals (D:1)
  7 kobolds
  6 quokkas
  7 ball pythons
  4 frilled lizards
  10 rats
81 creatures vanquished.

Vanquished Creatures (others)
  301 foxfires
301 creatures vanquished.

Grand Total: 382 creatures vanquished

Notes
Turn   | Place    | Note
-------+----------+-------------------------------------------
     0 | D:1      | Psyclone the Deep Elf Fire Elementalist began the quest for
                  | the Orb.
     0 | D:1      | Reached XP level 1. HP: 10/10 MP: 6/6
   161 | D:1      | Reached XP level 2. HP: 15/15 MP: 3/8
   368 | D:1      | Found Balubi's Assorted Antiques.
   416 | D:1      | Reached XP level 3. HP: 13/19 MP: 1/10
  1160 | D:2      | Noticed Sigmund
  1271 | D:1      | Learned a level 2 spell: Poisonous Vapours
  1275 | D:1      | Learned a level 3 spell: Conjure Flame
  1428 | D:2      | Learned a level 1 spell: Magic Dart
  1431 | D:2      | Learned a level 2 spell: Searing Ray
  1554 | D:2      | Noticed Natasha
  1562 | D:2      | Killed Natasha
  1563 | D:2      | Reached XP level 4. HP: 13/24 MP: 3/12
  1576 | D:2      | Reached skill level 5 in Spellcasting
  1585 | D:2      | Found a faded altar of an unknown god.
  1843 | D:2      | Noticed Natasha
  1850 | D:2      | Killed Natasha
  2054 | D:2      | Noticed Natasha
  2061 | D:2      | Killed Natasha
  2062 | D:2      | Reached skill level 5 in Fire Magic
  2062 | D:2      | Reached XP level 5. HP: 20/28 MP: 3/15
  2498 | D:3      | Reached skill level 1 in Poison Magic
  2531 | D:3      | Found a runed translucent gate.
  2531 | D:3      | Found a runed translucent gate.
  2532 | D:3      | Found a runed translucent gate.
  2536 | D:3      | Noticed Loveship's ghost (weakling MiFi)
  2538 | D:3      | Identified the +4 mace of Wamoudyde {distort, rN+}
  2538 | D:3      | Identified the +2 scale mail "Ypug" {rF+ Stlth+}
  2877 | D:3      | Identified the +6 short sword "Ivotuko" {vorpal, *Noise rF+
                  | Int+2 SInv}
  3229 | D:4      | Learned a level 4 spell: Olgreb's Toxic Radiance
  3356 | D:4      | Found a staircase to the Ecumenical Temple.
  3390 | Temple   | Entered the Ecumenical Temple
  3523 | D:4      | Reached XP level 6. HP: 32/32 MP: 11/16
  3563 | D:4      | Noticed Duvessa
  3563 | D:4      | Noticed Dowan
  3681 | D:4      | Slain by Duvessa

Illustrated notes

Levels and vault maps discovered:
D:1:      minmay_arrival_four_circles, layout_basic, serial_shops,
          nicolae_shop_trees, nicolae_eternal_life, st_stairs_1,
          minmay_small_reverse_x
D:2:      layout_rooms, hellmonk_ecumenical_altar_zigzags, serial_corexii_hall,
          chequers_hall_statues_y, corexii_hall_statues_l, uniq_natasha,
          uniq_sigmund
D:3:      layout_basic, biasface_ghost_orc_armoury
D:4:      layout_basic, minmay_temple_entry_arrows, uniq_duvessa
Temple:   nicolae_temple_superstar

Skill      XL: |  1  2  3  4  5 |
---------------+----------------+-----
Spellcasting   | 4 5 |  5.5
Fire Magic     | 4 5 |  5.1
Poison Magic   | 3 |  3.5
Dodging        | |  2.4
Stealth        | |  2.4
Conjurations   | |  1.1

Action                   |  1- 3 |  4- 6 || total
-------------------------+-------+-------++-------
 Cast: Foxfire           |    78 |    98 ||   176
       Poisonous Vapours |     3 |    10 ||    13
Armor: Robe              |     3 |       ||     3
Dodge: Dodged            |     6 |     8 ||    14
Block: Other             |       |     4 ||     4
